 Dungeon Crawl Stone Soup version 0.26-a0-846-gcc8f1ee719 (webtiles) character file.

Game seed: 7245729523056042166

1212 tatocazan the Grappler (level 8, -1/108 HPs)
             Began as a Troll Hunter on Nov 19, 2020.
             Was a Believer of Okawaru.
             Slain by an orc warrior
             ... wielding a +0 scimitar
              (7 damage)
             ... on level 6 of the Dungeon.
             The game lasted 00:10:09 (4849 turns).

tatocazan the Grappler (Troll Hunter)               Turns: 4849, Time: 00:10:10

Health: -1/108     AC:  7    Str: 23    XL:     8   Next: 22%
Magic:  7/7        EV: 10    Int:  7    God:    Okawaru [**....]
Gold:   236        SH:  0    Dex: 10    Spells: 7/7 levels left

rFire    . . .     SeeInvis .     - Unarmed
rCold    + . .     Faith    .   (no shield)
rNeg     . . .     Spirit   .   b - +0 robe
rPois    .         Reflect  .   (helmet restricted)
rElec    .         Harm     .   g - +0 cloak
rCorr    .         Rampage  .   (gloves unavailable)
MR       .....                  (boots unavailable)
Stlth    ..........             (no amulet)
HPRegen  0.68/turn              q - ring of protection from cold
MPRegen  0.10/turn              (no ring)

@: berserking, hasted, very quick
A: large, unfitting armour, claws 3, regeneration 1, shaggy fur 1, tough skin 3
a: Heroism, Renounce Religion


You were on level 6 of the Dungeon.
You worshipped Okawaru.
Okawaru was pleased with you.
You visited 1 branch of the dungeon, and saw 6 of its levels.

You collected 236 gold pieces.

Inventory:

Hand Weapons
 k - a +0 whip of venom
Missiles
 c - 5 large rocks (quivered)
 d - 2 throwing nets
Armour
 b - a +0 robe (worn)
 g - a +0 cloak (worn)
Jewellery
 q - a ring of protection from cold (left claw)
 x - an uncursed ring of protection from cold
Wands
 s - a wand of acid (4)
 w - a wand of random effects (10)
Scrolls
 a - a scroll of enchant weapon {unknown}
 e - 4 scrolls of remove curse
 f - a scroll of blinking {unknown}
 i - 2 scrolls of teleportation
 j - a scroll of fear
 l - a scroll of magic mapping
 n - a scroll of amnesia {unknown}
 o - 3 scrolls of identify
 t - a scroll of silence {unknown}
 v - a scroll of vulnerability {unknown}
Potions
 m - a potion of haste
 p - a potion of heal wounds {unknown}
 r - a potion of curing {unknown}
 u - a potion of ambrosia {unknown}


   Skills:
 * Level 2.0 Fighting
 * Level 4.4 Throwing
 + Level 2.8 Dodging
 - Level 1.4 Stealth
 * Level 8.4 Unarmed Combat
 * Level 0.1 Invocations


You had 7 spell levels left.
You didn't know any spells.
Your spell library was empty.

Dungeon Overview and Level Annotations

Branches:
Dungeon (6/15)
 Temple: D:4-7

Altars:
Ashenzari
Dithmenos
Hepliaklqana
Kikubaaqudgha
Nemelex Xobeh
Okawaru
Ru
Trog


Innate Abilities, Weirdness & Mutations

You are too large for most types of armour.
You have claws for hands.
Your natural rate of healing is unusually fast.
You are covered in fur. (AC +1)
You have extremely tough skin. (AC +3)


Message History

It was a potion of haste.
You feel yourself speed up.
The orc warrior hits you with a +0 scimitar!
The gnoll hits you from afar with a +0 spear.
* * * LOW HITPOINT WARNING * * *
It was a potion of berserk rage.
A red film seems to cover your vision as you go berserk!
You feel yourself moving faster!
You feel mighty!
You closely miss the orc warrior.
The orc warrior hits you with a +0 scimitar!
* * * LOW HITPOINT WARNING * * *
The gnoll hits you but does no damage.
You scratch the orc warrior but do no damage.
You claw the orc warrior!
The orc warrior is moderately wounded.
You closely miss the orc warrior. Your claw misses the orc warrior.
The orc warrior is moderately wounded.
The gnoll hits you from afar with a +0 spear!
* * * LOW HITPOINT WARNING * * *
The orc warrior hits you with a +0 scimitar!
You die...

### ### #.# #.# #.####.#
#....#.#### #.##.#....#
#.##......# #########
#@.....†..#
...#....####.go†#..####.#
##.##.##.#.......#.....#.#
..........##....##.#....# ##..#
...#.###.#....#..######## ....#
#..#..##.#.####.(.......#
#...###..#..##.#.......######.#
.........#..##.######### #.#
...####........# ########.#


You could see an orc warrior and a gnoll.

Vanquished Creatures
  A phantom (D:5)
  2 sky beasts (D:5)
  2 ogres (D:5)
  A bullfrog (D:3)
  2 bullfrog zombies (D:5)
  2 jellies
  2 orc priests (D:5)
  3 hounds
  4 orc wizards
  A worker ant (D:6)
  2 hound skeletons
  9 adders
  6 gnolls
  An ufetubus (D:5)
  3 oozes
  An adder skeleton (D:5)
  6 worms
  A dart slug (D:2)
  4 leopard geckos
  11 orcs
  A ball python (D:1)
  5 giant cockroaches
  9 goblins
  2 hobgoblins (D:3)
  7 jackals
  A quokka (D:3)
  2 bats
  6 frilled lizards
  12 kobolds
  A leopard gecko skeleton (D:4)
  5 rats
115 creatures vanquished.

Vanquished Creatures (others)
  A plant (D:2)
  5 toadstools (D:1)
6 creatures vanquished.

Grand Total: 121 creatures vanquished

Notes
Turn   | Place    | Note
-------+----------+-------------------------------------------
     0 | D:1      | tatocazan the Troll Hunter began the quest for the Orb.
     0 | D:1      | Reached XP level 1. HP: 19/19 MP: 0/0
   164 | D:1      | Reached XP level 2. HP: 27/27 MP: 1/1
   263 | D:1      | Reached skill level 1 in Unarmed Combat
   692 | D:2      | Reached XP level 3. HP: 33/33 MP: 2/2
   810 | D:2      | Reached skill level 2 in Unarmed Combat
   933 | D:2      | Found an iron altar of Okawaru.
   933 | D:2      | Found a broken altar of Ashenzari.
   951 | D:2      | Found an ancient bone altar of Kikubaaqudgha.
  1043 | D:2      | Reached XP level 4. HP: 31/42 MP: 3/3
  1217 | D:2      | Became a worshipper of Warmaster Okawaru
  1421 | D:2      | Found a sacrificial altar of Ru.
  1587 | D:3      | Reached skill level 3 in Unarmed Combat
  1726 | D:3      | Reached XP level 5. HP: 49/49 MP: 4/4
  2182 | D:3      | Reached skill level 4 in Unarmed Combat
  2377 | D:3      | Reached XP level 6. HP: 51/57 MP: 5/5
  2439 | D:3      | Reached * piety under Okawaru
  2697 | D:4      | Reached skill level 5 in Unarmed Combat
  2985 | D:4      | Reached skill level 1 in Stealth
  3251 | D:4      | Found a hazy altar of Hepliaklqana.
  3254 | D:4      | Found a shadowy altar of Dithmenos.
  3254 | D:4      | Noticed a shadow
  3298 | D:4      | Found a sparkling altar of Nemelex Xobeh.
  3307 | D:5      | Entered Level 5 of the Dungeon
  3329 | D:5      | Noticed a sky beast
  3341 | D:5      | Killed a sky beast
  3342 | D:5      | Reached skill level 6 in Unarmed Combat
  3342 | D:5      | Reached XP level 7. HP: 48/63 MP: 6/6
  3558 | D:5      | Found a bloodstained altar of Trog.
  3849 | D:5      | Reached ** piety under Okawaru
  3850 | D:5      | Reached skill level 7 in Unarmed Combat
  4042 | D:5      | Reached XP level 8. HP: 7/72 MP: 7/7
  4393 | D:5      | Reached skill level 8 in Unarmed Combat
  4849 | D:6      | Slain by an orc warrior

Illustrated notes

Levels and vault maps discovered:
D:1:      ldierk_walled_garden, layout_loops_ring
D:2:      layout_basic, nicolae_ru_the_path_less_chosen,
          kiku_gazebo_pond_becter, gammafunk_temple_overflow_elements
D:3:      layout_loops_corners, serial_rivers, chequers_serial_rivers_micro_a,
          chequers_serial_rivers_micro_c, chequers_serial_rivers_micro_d,
          chequers_serial_rivers_room_b
D:4:      layout_loops_ring, riverfiend_overflow_shadow_ancestor,
          general_overflow_altar
D:5:      layout_basic, nicolae_overflow_hidden_temple, moated_statue
D:6:      layout_basic, biasface_ghost_orc_armoury, minmay_crystal_water

Skill      XL: |  1  2  3  4  5  6  7  8 |
---------------+-------------------------+-----
Throwing       | 4 |  4.4
Unarmed Combat | 1 2 3 4 6 7 8 |  8.4
Dodging        | 2 |  2.8
Stealth        | 1 |  1.4
Fighting       | 2 |  2.0
Invocations    | |  0.1

Action                   |  1- 3 |  4- 6 |  7- 9 || total
-------------------------+-------+-------+-------++-------
Melee: Unarmed           |    91 |   174 |   108 ||   373
       Punch             |       |     2 |     6 ||     8
Throw: Large rock        |       |     5 |     3 ||     8
  Use: Scroll            |       |       |     6 ||     6
       Potion            |       |       |     2 ||     2
 Stab: Sleeping          |     1 |     3 |       ||     4
       Distracted        |       |       |     1 ||     1
Armor: Robe              |    49 |    59 |    33 ||   141
Dodge: Dodged            |    44 |    77 |    47 ||   168

Table legend: (Time is in decaauts)
 A = Elapsed time spent in this place.
 B = Non-inter-level travel time spent in this place.
 C = Inter-level travel time spent in this place.
 D = Time resting spent in this place.
 E = Time spent auto-exploring this place.
 F = Levels seen in this place.
 G = Mean time per level.
                   A        B        C        D        E       F      G
               +--------+--------+--------+--------+--------+-----+--------+
         Total |   4825 |   4696 |    129 |    915 |   3018 |   6 |  804.2 |
       Dungeon |   4825 |   4696 |    129 |    915 |   3018 |   6 |  804.2 |
               +--------+--------+--------+--------+--------+-----+--------+

Top non-repeatable levels by time:
     D:5: 1377 daAuts
     D:3: 1104 daAuts
     D:2: 908 daAuts
     D:1: 657 daAuts
     D:4: 629 daAuts
     D:6: 148 daAuts
